 Dungeon Crawl Stone Soup version 0.17.0-24-gcfadda4 (webtiles) character file.

710 BobbyTwoHands the Tainter (level 7, -4/55 HPs)
             Began as a Naga Venom Mage on Nov 15, 2015.
             Shot with an arrow by a centaur (16 damage)
             ... on level 5 of the Dungeon.
             The game lasted 00:18:18 (6291 turns).

BobbyTwoHands the Tainter (Naga Venom Mage)         Turns: 6291, Time: 00:18:18

Health: -4/55      AC:  3    Str: 11    XL:     7   Next: 68%
Magic:  14/19      EV: 10    Int: 17    God:
Gold:   179        SH:  0    Dex: 11    Spells: 4 memorised, 0 levels left

rFire  . . .     SeeInvis +     s - +0 dire flail
rCold  . . .     Clarity  .     m - +0 robe
rNeg   . . .     SustAt   .     (shield currently unavailable)
rPois  +         Gourm    .     (no helmet)
rElec  .         Spirit   .     (no cloak)
rCorr  .         Warding  .     (no gloves)
rMut   .         Stasis   .     (no barding)
MR     .....                    (no amulet)
Stlth  ++........               (no ring)
                                C - ring of magical power

@: very slightly contaminated, hasted, quick, not resistant to hostile
enchantments, unstealthy
A: see invisible, deformed body, poison resistance, slowness 2, slow metabolism
1, spit poison 2, AC +2
a: Spit Poison


You were on level 5 of the Dungeon.
You were hungry.

You visited 1 branch of the dungeon, and saw 5 of its levels.

You collected 179 gold pieces.

Inventory:

Hand Weapons
 a - a +0 whip
 b - a +0 blowgun
 i - a +0 short sword
 j - a +0 club
 p - a +3 flail of holy wrath
 s - a +0 dire flail (weapon)
Missiles
 z - 4 poisoned needles
 D - 2 curare-tipped needles
Armour
 h - a +0 ring mail
 m - a +0 robe (worn)
 n - a +0 leather armour
Jewellery
 C - a ring of magical power (left hand)
Scrolls
 k - 3 scrolls of fear
 l - a scroll of teleportation
 o - a scroll of remove curse
 w - a scroll of enchant weapon {unknown}
 x - a scroll of enchant armour {unknown}
 y - a scroll of blinking {unknown}
Potions
 g - a potion of agility
 r - a potion of berserk rage
 u - a potion of degeneration
 v - a potion of brilliance {unknown}
 A - a potion of magic {unknown}
Books
 d - a Young Poisoner's Handbook

   Spells                             Type                      Level
   a - Sting                          Conjuration/Poison           1
   b - Cure Poison                    Poison                       2
   c - Mephitic Cloud                 Conjuration/Poison/Air       3
   d - Olgreb's Toxic Radiance        Poison                       4
   e - Venom Bolt                     Conjuration/Poison           5
Comestibles
 c - 4 bread rations
 f - 2 meat rations
 q - 2 chunks of flesh
 t - a slice of pizza
 B - a fruit


   Skills:
 * Level 5.9 Maces & Flails
 - Level 1.5 Dodging
 - Level 3.2 Stealth
 - Level 2.0 Spellcasting
 - Level 1.5 Conjurations
 - Level 1.1 Air Magic
 + Level 8.3 Poison Magic


You couldn't memorise any spells.
You knew the following spells:

 Your Spells              Type           Power        Failure   Level  Hunger
a - Sting                 Conj/Pois      ###.         2%          1    #......
b - Mephitic Cloud        Conj/Pois/Air  ##......     14%         3    ###....
c - Olgreb's Toxic Radia  Pois           ####....     10%         4    #####..
d - Cure Poison           Pois           ####......   1%          2    ###....


Dungeon Overview and Level Annotations

Branches:
Dungeon (5/15)
 Temple: D:4-7

Altars:
Ashenzari
Kikubaaqudgha
Nemelex Xobeh
Sif Muna

Shops:
D:4 [

Annotations:
D:4 exclusion: ogre


Innate Abilities, Weirdness & Mutations

You cannot wear boots.
Your serpentine skin is tough (AC +2).
You have supernaturally acute eyesight.
Armour fits poorly on your strangely shaped body.
Your system is resistant to poisons.
You cover ground very slowly.
You have a slow metabolism.
You can spit poison.


Message History

You catch the helpless iguana completely off-guard!
You puncture the iguana!
You kill the iguana!
You see here an iguana corpse.
You butcher the iguana corpse.
q - 2 chunks of flesh (gained 1)
You see here an iguana skeleton.
A centaur comes into view.
The centaur wields a shortbow.
The centaur shoots an arrow.
The arrow hits you.
* * * LOW HITPOINT WARNING * * *
The centaur shoots an arrow.
The arrow hits you!
* * * LOW HITPOINT WARNING * * *
You see here an arrow.
Unknown command.
Casting: Mephitic Cloud
Confirm with . or Enter, or press ? or * to list all spells.
You can't see any susceptible monsters within range! (Use Z to cast anyway.) Drink which item? (? for menu, Esc to quit)
You feel yourself speed up.
The centaur shoots an arrow.
The arrow hits you!
You die...

##.....#....##
##.....#....##
.......#.....#
##....##.....#
##....##.....#
##....'.....##########
##....#.....##รท).....##
#....#......#........#
+....#......#..@.....#
#....#......'........#
#....#......#...<....#
#....##....##...##..##
##### #....##...# #...
#.....#...# ...# #....
#c..' ..# #.... #...# .#
#.. ...#


You could see a centaur.

Vanquished Creatures
  Sigmund (D:3)
  Edmund (D:4)
  An ogre (D:4)
  Blork the orc (D:5)
  2 iguanas
  An orc wizard (D:3)
  2 giant frog skeletons (D:4)
  A river rat (D:3)
  4 adders
  An ooze (D:3)
  3 worms
  10 giant geckos
  4 orcs (D:3)
  4 ball pythons
  5 bats
  5 giant cockroaches
  11 hobgoblins
  3 quokkas
  5 giant newts
  7 goblins
  7 kobolds
  12 rats
91 creatures vanquished.

Notes
Turn   | Place    | Note
--------------------------------------------------------------
     0 | D:1      | BobbyTwoHands the Naga Venom Mage began the quest for the Orb.
     0 | D:1      | Reached XP level 1. HP: 15/15 MP: 3/3
   389 | D:1      | Reached XP level 2. HP: 22/22 MP: 3/5
   651 | D:1      | Reached skill level 6 in Poison Magic
  1178 | D:1      | Reached XP level 3. HP: 25/28 MP: 4/6
  1339 | D:1      | Learned a level 3 spell: Mephitic Cloud
  1428 | D:2      | Reached skill level 1 in Conjurations
  1588 | D:2      | You fall through a shaft!
  2284 | D:3      | Reached skill level 1 in Maces & Flails
  2284 | D:3      | Reached XP level 4. HP: 24/36 MP: 2/7
  2602 | D:2      | Found an ancient bone altar of Kikubaaqudgha.
  2634 | D:2      | Reached skill level 1 in Air Magic
  2811 | D:2      | Found a sparkling altar of Nemelex Xobeh.
  3478 | D:3      | Noticed Sigmund
  3796 | D:3      | Reached XP level 5. HP: 35/42 MP: 4/8
  3946 | D:4      | Found Ryomuoci's Armour Boutique.
  3947 | D:4      | Noticed Edmund
  4211 | D:4      | Learned a level 4 spell: Olgreb's Toxic Radiance
  4436 | D:4      | Reached skill level 7 in Poison Magic
  4656 | D:4      | Noticed an ogre
  4683 | D:4      | Found a shattered altar of Ashenzari.
  4726 | D:5      | Entered Level 5 of the Dungeon
  4750 | D:3      | Reached XP level 6. HP: 47/49 MP: 1/9
  4758 | D:3      | Killed Sigmund
  4856 | D:3      | Found a deep blue altar of Sif Muna.
  5743 | D:4      | Killed Edmund
  5743 | D:4      | Reached skill level 5 in Maces & Flails
  5743 | D:4      | Reached XP level 7. HP: 49/55 MP: 5/10
  5748 | D:4      | Reached skill level 8 in Poison Magic
  5790 | D:4      | Learned a level 2 spell: Cure Poison
  6170 | D:5      | Noticed Blork the orc
  6178 | D:5      | Killed Blork the orc
  6290 | D:5      | Noticed a centaur
  6291 | D:5      | Shot with an arrow by a centaur

Action                   |  1- 3 |  4- 6 |  7- 9 || total
-------------------------+-------+-------+-------++-------
Melee: Short sword       |    35 |       |       ||    35
       Whip              |    23 |   136 |     4 ||   163
       Dire flail        |       |       |    15 ||    15
 Fire: Blowgun           |       |     6 |     1 ||     7
 Cast: Sting             |    48 |    44 |     1 ||    93
       Mephitic Cloud    |     3 |     3 |     3 ||     9
       Olgreb's Toxic Ra |       |     4 |     2 ||     6
 Abil: Spit Poison       |     8 |    12 |     3 ||    23
  Use: Scroll            |     1 |     8 |       ||     9
       Potion            |       |       |     1 ||     1
 Stab: Sleeping          |     2 |     7 |     1 ||    10
       Confused          |     4 |     3 |     1 ||     8
  Eat: Chunk             |     4 |     6 |     3 ||    13
       Meat ration       |       |     1 |       ||     1
